 Dungeon Crawl Stone Soup version 0.25-a0-661-g55ea3d2053 (webtiles) character file.

Game seed: 869854025058092555, levelgen mode: deterministic

5 Lauz the Conjurer (level 1, -1/14 HPs)
             Began as a Draconian Conjurer on Mar 23, 2020.
             Killed from afar by Natasha (6 damage)
             ... with a magic dart
             ... on level 2 of the Dungeon.
             The game lasted 00:00:46 (125 turns).

Lauz the Conjurer (Draconian Conjurer)               Turns: 125, Time: 00:00:46

Health: -1/14      AC:  4    Str: 10    XL:     1   Next: 66%
Magic:  1/3        EV: 12    Int: 15    God:
Gold:   0          SH:  0    Dex: 11    Spells: 3/4 levels left

rFire    . . .     SeeInvis .   (no weapon)
rCold    . . .     Gourm    .   (no shield)
rNeg     . . .     Faith    .   (armour unavailable)
rPois    .         Spirit   .   (helmet restricted)
rElec    .         Reflect  .   (no cloak)
rCorr    .         Harm     .   (no gloves)
MR       .....                  (no boots)
Stlth    ++........             (no amulet)
HPRegen  0.04/turn              (no ring)
MPRegen  0.08/turn              (no ring)

@: slowed, very slow
A: unfitting armour, cold-blooded, AC +4
a: no special abilities


You were on level 2 of the Dungeon.
You were not hungry.

You visited 1 branch of the dungeon, and saw 2 of its levels.

Inventory:

Comestibles
 b - a ration


   Skills:
 - Level 1.7 Dodging
 - Level 1.7 Stealth
 + Level 2.2 Spellcasting
 + Level 4.1 Conjurations


You had 3 spell levels left.
You knew the following spells:

 Your Spells              Type           Power        Failure   Level  Hunger
a - Magic Dart            Conj           ##..         4%          1    #......

Your spell library contained the following spells:

 Spells                   Type           Power        Failure   Level  Hunger
 Searing Ray              Conj           ##....       6%          2    ###....
 Dazzling Flash           Conj/Hex       #.....       28%         3    ###....
 Fulminant Prism          Conj/Hex       #.........   67%         4    #####..
 Iskenderun's Mystic Bla  Conj/Tloc      #.......     67%         4    #####..


Dungeon Overview and Level Annotations

Branches:
Dungeon (1/15)

Altars:

Annotations:
D:2 Natasha


Innate Abilities, Weirdness & Mutations

Your plain brown scales are hard. (AC +4)
You cannot fit into any form of body armour.
You are cold-blooded and may be slowed by cold attacks.


Message History

The goblin shouts!
An adder comes into view.
The giant cockroach closely misses you.
The kobold zaps a wand.
Some rock shatters into small pieces.
The crimson imp disappears in a puff of smoke!
The giant cockroach waves its antennae.
The giant cockroach barely misses you. The frilled lizard closely misses you.
Natasha casts a spell.
An ooze comes into view.
The giant cockroach closely misses you. The giant cockroach barely misses you.
Natasha claws you.
The kobold zaps a wand.
Some rock shatters into small pieces.
The frilled lizard barely misses you.
Found a leather armour and 13 gold pieces.
You see here 18 gold pieces.
The giant cockroach bites you but does no damage.
The white imp disappears in a puff of smoke!
Natasha claws you. Natasha casts a spell at you. The magic dart hits you.
You die...

# # #. .## # #[#
..# .##S #..# #.#
##..... ##...#
#.##.......
#.....###w........
#.....@sl.g..##.#
#......h5.......#.#
#..............)...
#......#.K..####..
#.##...##g§..# #.#
#. #..###....#....
# #J.. #.........#
#.$###$†...##..#
..# #..(...# #.#


You could see a worm, Natasha, an ooze (wandering), a shadow imp, a giant
cockroach, a hobgoblin, a goblin, a kobold and a frilled lizard.

Vanquished Creatures
  A dart slug (D:2)
  A kobold (D:2)
  A goblin (D:2)
  A rat (D:2)
4 creatures vanquished.

Notes
Turn   | Place    | Note
-------+----------+-------------------------------------------
     0 | D:1      | Lauz the Draconian Conjurer began the quest for the Orb.
     0 | D:1      | Reached XP level 1. HP: 14/14 MP: 3/3
    12 | D:1      | You fall into a shaft and drop 1 floor!
   101 | D:2      | Noticed Natasha
   111 | D:2      | Noticed a crimson imp
   125 | D:2      | Killed from afar by Natasha

Levels and vault maps discovered:
D:1:      zaba_arrival_water, layout_rooms, st_stairs_4
D:2:      layout_rooms, uniq_natasha

Action                   || total
-------------------------++-------
Melee: Unarmed           ||     1
 Cast: Magic Dart        ||     7
Armor: Skin              ||     6
Dodge: Dodged            ||    14

Table legend:
 A = Non-vault XP
 B = Vault XP
 C = Vault XP percentage of total XP
 D = Non-vault monster count
 E = Vault monster count
 F = Vault count percentage of total count
                 A         B        C        D         E       F
            +---------+---------+-------+---------+---------+-------
      Total |       8 |       0 |   0.0 |       4 |       0 |   0.0
            +---------+---------+-------+---------+---------+-------
        D:2 |       8 |       0 |   0.0 |       4 |       0 |   0.0
            +---------+---------+-------+---------+---------+-------
